[ PARTIDA AOE2 · #505866859 ]
UnrankedBizantinos vs Wei
Equipo del jugador · DERR
Equipo rival · VICT
[ ANÁLISIS DE REPETICIÓN · EXTRAÍDO DE LA PARTIDA GRABADA ]
Feudal
8:42
Castillos
20:10
Imperial
—
| APM promedio | 74.1 |
| APM pico | 114 |
| eAPM promedio | 31.2 |
| Aldeanos / militares | 106 / 73 |
Foco
⚔️ 51.1% · 🌾 48.9%
Skirmisher ×33 · Camel Scout ×27 · Archer ×7 · Monk ×5 · Knight ×1
Feudal
9:16
Castillos
21:49
Imperial
—
| APM promedio | 79.4 |
| APM pico | 118 |
| eAPM promedio | 29.6 |
| Aldeanos / militares | 89 / 24 |
Foco
⚔️ 32.9% · 🌾 67.1%
Unknown (1952) ×27 · Skirmisher ×15 · Unknown (1944) ×14 · Militia ×8 · Monk ×1
Mapa de la partida
Recursos iniciales + cada clic de construcción. Líneas = muros · curvas = relieve. ◆ oro · ⬟ piedra · ● bayas · ✦ reliquia · ◌ hueco del cierre
Tu base· ✓ Cerrada en 20:10 · 42t muro · sin puerta
Base de BucketsTTP· Abierta — el rival se encerró
Terreno inicial suavizado · ◌ = hueco del cierre detectado · pasá el cursor para detalles
Inputs por minuto
— 冥想控 - - BucketsTTP
Build order — 冥想控
Primeras 150 de 270 acciones detectadas
| 0:02 | Crear | Villager (Male) ×4 |
| 0:02 | Crear | Villager (Male) ×4 |
| 0:04 | Construir | House |
| 0:06 | Construir | House |
| 0:41 | Investigar | Loom |
| 1:29 | Crear | Villager (Male) |
| 1:29 | Crear | Villager (Male) |
| 2:00 | Crear | Villager (Male) |
| 2:01 | Crear | Villager (Male) |
| 2:16 | Crear | Villager (Male) |
| 2:47 | Construir | Lumber Camp |
| 3:02 | Crear | Villager (Male) ×2 |
| 3:26 | Crear | Villager (Male) |
| 4:10 | Crear | Villager (Male) |
| 4:20 | Construir | House |
| 4:41 | Crear | Villager (Male) ×3 |
| 4:41 | Crear | Villager (Male) ×3 |
| 5:13 | Construir | Mill |
| 5:45 | Crear | Villager (Male) |
| 6:32 | Investigar | Feudal Age |
| 6:33 | Investigar | Feudal Age |
| 7:01 | Investigar | Loom |
| 7:33 | Construir | Barracks |
| 7:41 | Construir | House |
| 8:42 | Edad | Edad Feudal |
| 8:43 | Construir | Mining Camp |
| 8:44 | Crear | Villager (Male) |
| 8:46 | Construir | Archery Range |
| 8:49 | Investigar | Double-Bit Axe |
| 8:58 | Crear | Villager (Male) |
| 9:27 | Crear | Villager (Male) |
| 9:30 | Construir | Palisade Wall |
| 9:40 | Crear | Archer |
| 9:48 | Construir | Blacksmith |
| 9:51 | Construir | Palisade Wall |
| 10:03 | Crear | Villager (Male) |
| 10:10 | Construir | House |
| 10:11 | Crear | Archer |
| 10:41 | Construir | Farm |
| 10:41 | Construir | Farm |
| 10:42 | Crear | Villager (Male) |
| 10:48 | Crear | Archer |
| 11:04 | Construir | Farm |
| 11:05 | Construir | Farm |
| 11:18 | Construir | House |
| 11:18 | Construir | Palisade Wall |
| 11:20 | Crear | Archer |
| 11:26 | Construir | Palisade Wall |
| 11:38 | Crear | Villager (Male) |
| 11:42 | Construir | Palisade Wall |
| 11:44 | Crear | Archer |
| 11:49 | Crear | Villager (Male) |
| 11:55 | Investigar | Fletching |
| 12:03 | Construir | Palisade Wall |
| 12:04 | Construir | Palisade Wall |
| 12:05 | Crear | Villager (Male) |
| 12:07 | Construir | House |
| 12:08 | Construir | Palisade Wall |
| 12:09 | Construir | House |
| 12:15 | Crear | Archer |
| 12:29 | Construir | Farm |
| 12:30 | Construir | Farm |
| 12:32 | Crear | Villager (Male) |
| 12:54 | Crear | Villager (Male) |
| 12:59 | Crear | Archer |
| 13:23 | Crear | Villager (Male) |
| 13:28 | Construir | Palisade Wall |
| 13:47 | Construir | Farm |
| 13:47 | Construir | Farm |
| 13:49 | Crear | Villager (Male) |
| 13:59 | Construir | Farm |
| 14:10 | Construir | Palisade Wall |
| 14:20 | Crear | Skirmisher |
| 14:21 | Crear | Villager (Male) |
| 14:27 | Crear | Skirmisher |
| 14:35 | Crear | Villager (Male) |
| 14:40 | Construir | House |
| 14:43 | Crear | Skirmisher |
| 14:51 | Construir | Archery Range |
| 14:51 | Crear | Villager (Male) |
| 15:27 | Crear | Skirmisher |
| 15:29 | Crear | Villager (Male) |
| 15:47 | Crear | Skirmisher |
| 16:03 | Crear | Villager (Male) |
| 16:07 | Crear | Skirmisher |
| 16:11 | Construir | Farm |
| 16:13 | Construir | Farm |
| 16:17 | Crear | Villager (Male) |
| 16:29 | Crear | Skirmisher |
| 16:29 | Crear | Skirmisher |
| 16:30 | Crear | Skirmisher |
| 16:48 | Construir | House |
| 16:48 | Construir | House |
| 16:53 | Crear | Skirmisher |
| 16:56 | Crear | Villager (Male) |
| 17:30 | Investigar | Castle Age |
| 17:30 | Investigar | Castle Age |
| 17:33 | Crear | Skirmisher |
| 17:34 | Crear | Skirmisher |
| 17:41 | Construir | Lumber Camp |
| 17:50 | Construir | House |
| 17:56 | Crear | Skirmisher |
| 18:09 | Crear | Skirmisher |
| 18:20 | Crear | Skirmisher |
| 18:38 | Crear | Skirmisher |
| 18:59 | Crear | Skirmisher |
| 19:05 | Crear | Skirmisher |
| 19:17 | Construir | Stable |
| 19:21 | Crear | Skirmisher |
| 19:24 | Construir | Palisade Wall |
| 19:26 | Construir | Palisade Wall |
| 19:44 | Crear | Skirmisher |
| 19:47 | Crear | Villager (Male) |
| 19:49 | Crear | Skirmisher |
| 19:52 | Construir | Farm |
| 19:52 | Construir | Farm |
| 19:53 | Construir | Farm |
| 19:59 | Crear | Skirmisher |
| 20:05 | Construir | Farm |
| 20:05 | Construir | Farm |
| 20:08 | Investigar | Horse Collar |
| 20:10 | Edad | Edad de los Castillos |
| 20:14 | Crear | Knight |
| 20:16 | Crear | Skirmisher |
| 20:16 | Crear | Skirmisher |
| 20:25 | Investigar | Elite Skirmisher (upgrade) |
| 20:35 | Crear | Skirmisher |
| 20:37 | Crear | Villager (Male) |
| 20:51 | Crear | Villager (Male) |
| 20:57 | Crear | Villager (Male) |
| 21:00 | Crear | Villager (Male) |
| 21:10 | Crear | Villager (Male) |
| 21:23 | Crear | Skirmisher |
| 21:30 | Investigar | Bodkin Arrow |
| 21:30 | Investigar | Bodkin Arrow |
| 21:39 | Construir | Town Center |
| 21:44 | Construir | Town Center |
| 21:47 | Construir | Farm |
| 21:50 | Crear | Villager (Male) |
| 22:00 | Crear | Skirmisher |
| 22:01 | Crear | Camel Scout |
| 22:18 | Crear | Villager (Male) |
| 22:24 | Construir | Monastery |
| 22:27 | Construir | Palisade Gate |
| 22:33 | Crear | Villager (Male) |
| 22:44 | Crear | Camel Scout |
| 23:02 | Crear | Camel Scout |
| 23:17 | Construir | Farm |
| 23:17 | Construir | Farm |
| 23:18 | Construir | Farm |
Build order — BucketsTTP
Primeras 150 de 270 acciones detectadas
| 0:01 | Crear | Villager (Male) |
| 0:01 | Crear | Villager (Male) |
| 0:01 | Crear | Villager (Male) |
| 0:02 | Construir | House |
| 0:03 | Construir | House |
| 0:22 | Crear | Villager (Male) |
| 0:22 | Crear | Villager (Male) |
| 1:11 | Crear | Villager (Male) |
| 1:46 | Crear | Villager (Male) |
| 2:09 | Crear | Villager (Male) |
| 2:13 | Construir | Lumber Camp |
| 2:29 | Crear | Villager (Male) |
| 2:50 | Crear | Villager (Male) |
| 2:50 | Crear | Villager (Male) |
| 3:19 | Crear | Villager (Male) |
| 3:19 | Crear | Villager (Male) |
| 3:32 | Crear | Villager (Male) |
| 3:49 | Construir | House |
| 4:05 | Crear | Villager (Male) |
| 4:10 | Construir | House |
| 4:47 | Crear | Villager (Male) |
| 5:23 | Crear | Villager (Male) |
| 5:36 | Crear | Villager (Male) |
| 5:51 | Construir | Barracks |
| 6:03 | Crear | Villager (Male) |
| 6:38 | Investigar | Loom |
| 6:59 | Investigar | Feudal Age |
| 7:03 | Crear | Militia |
| 7:14 | Crear | Militia |
| 7:16 | Construir | Mining Camp |
| 7:39 | Construir | Mill |
| 7:52 | Crear | Militia |
| 7:53 | Crear | Militia |
| 8:27 | Construir | House |
| 8:49 | Crear | Villager (Male) |
| 9:16 | Edad | Edad Feudal |
| 9:19 | Crear | Militia |
| 9:21 | Crear | Villager (Male) |
| 9:26 | Investigar | Double-Bit Axe |
| 9:26 | Investigar | Double-Bit Axe |
| 9:32 | Crear | Villager (Male) |
| 9:48 | Investigar | Man-at-Arms (upgrade) |
| 9:58 | Construir | Blacksmith |
| 10:04 | Crear | Villager (Male) |
| 10:06 | Construir | House |
| 10:47 | Investigar | Scale Mail Armor |
| 10:54 | Construir | Archery Range |
| 10:57 | Crear | Villager (Male) |
| 11:11 | Crear | Villager (Male) |
| 11:13 | Construir | Farm |
| 11:13 | Construir | Farm |
| 11:25 | Crear | Villager (Male) |
| 11:29 | Construir | Palisade Gate |
| 11:33 | Construir | House |
| 11:35 | Construir | Palisade Wall |
| 11:53 | Crear | Villager (Male) |
| 12:04 | Crear | Skirmisher |
| 12:25 | Crear | Villager (Male) |
| 12:27 | Construir | Farm |
| 12:30 | Construir | Farm |
| 12:31 | Construir | Farm |
| 12:36 | Crear | Skirmisher |
| 12:45 | Construir | House |
| 12:48 | Construir | Farm |
| 12:52 | Crear | Skirmisher |
| 12:56 | Construir | Farm |
| 13:03 | Crear | Skirmisher |
| 13:10 | Crear | Villager (Male) |
| 13:11 | Construir | Farm |
| 13:13 | Construir | Farm |
| 13:23 | Construir | House |
| 13:32 | Crear | Skirmisher |
| 13:32 | Crear | Villager (Male) |
| 13:36 | Construir | Farm |
| 13:44 | Crear | Villager (Male) |
| 13:51 | Crear | Villager (Male) |
| 13:57 | Construir | Palisade Wall |
| 14:00 | Crear | Skirmisher |
| 14:14 | Investigar | Fletching |
| 14:24 | Crear | Villager (Male) |
| 14:32 | Construir | Farm |
| 14:42 | Crear | Skirmisher |
| 14:45 | Construir | House |
| 14:50 | Crear | Villager (Male) |
| 14:53 | Construir | Palisade Wall |
| 15:00 | Crear | Skirmisher |
| 15:04 | Construir | Palisade Wall |
| 15:09 | Crear | Villager (Male) |
| 15:22 | Investigar | Padded Archer Armor |
| 15:27 | Construir | Farm |
| 15:28 | Crear | Villager (Male) |
| 15:29 | Construir | Farm |
| 15:31 | Construir | Farm |
| 15:38 | Construir | Palisade Wall |
| 16:04 | Crear | Villager (Male) |
| 16:06 | Crear | Skirmisher |
| 16:08 | Construir | House |
| 16:11 | Crear | Skirmisher |
| 16:12 | Crear | Villager (Male) |
| 16:14 | Construir | Farm |
| 16:15 | Construir | Farm |
| 16:20 | Construir | Farm |
| 16:31 | Crear | Skirmisher |
| 16:34 | Crear | Villager (Male) |
| 16:48 | Construir | House |
| 17:10 | Crear | Villager (Male) |
| 17:25 | Crear | Villager (Male) |
| 17:28 | Construir | Market |
| 17:38 | Crear | Skirmisher |
| 17:49 | Crear | Skirmisher |
| 17:50 | Crear | Villager (Male) |
| 17:57 | Construir | Lumber Camp |
| 18:02 | Construir | Lumber Camp |
| 18:39 | Crear | Villager (Male) |
| 19:09 | Investigar | Castle Age |
| 19:09 | Investigar | Castle Age |
| 19:13 | Crear | Skirmisher |
| 19:47 | Crear | Skirmisher |
| 19:51 | Construir | Archery Range |
| 20:00 | Crear | Militia |
| 20:00 | Crear | Militia |
| 20:00 | Crear | Militia |
| 20:20 | Construir | Stable |
| 20:27 | Construir | Stable |
| 20:29 | Investigar | Gold Mining |
| 20:29 | Investigar | Gold Mining |
| 20:43 | Investigar | Scale Barding Armor |
| 21:16 | Construir | Lumber Camp |
| 21:18 | Investigar | Horse Collar |
| 21:19 | Investigar | Horse Collar |
| 21:27 | Investigar | Bloodlines |
| 21:27 | Investigar | Bloodlines |
| 21:46 | Construir | Farm |
| 21:48 | Construir | Farm |
| 21:49 | Construir | Farm |
| 21:49 | Edad | Edad de los Castillos |
| 21:53 | Crear | Villager (Male) |
| 21:54 | Crear | Unit 1944 |
| 21:54 | Crear | Unit 1944 |
| 21:58 | Crear | Unit 1944 |
| 22:00 | Construir | House |
| 22:12 | Crear | Villager (Male) |
| 22:16 | Construir | Farm |
| 22:18 | Crear | Unit 1944 |
| 22:18 | Crear | Unit 1944 |
| 22:33 | Crear | Villager (Male) |
| 22:39 | Construir | Town Center |
| 22:43 | Construir | Farm |
| 22:46 | Crear | Unit 1944 |
| 22:55 | Crear | Villager (Male) |
Cronología de la partida
| 5:51 | BucketsTTP · first_building Barracks |
| 7:33 | 冥想控 · first_building Barracks |
| 8:42 | 冥想控 · age_up feudal |
| 8:46 | 冥想控 · first_building Archery Range |
| 9:16 | BucketsTTP · age_up feudal |
| 9:30 | 冥想控 · wall_segment Palisade Wall x1 |
| 9:51 | 冥想控 · wall_segment Palisade Wall x1 |
| 10:54 | BucketsTTP · first_building Archery Range |
| 11:18 | 冥想控 · wall_segment Palisade Wall x1 |
| 11:26 | 冥想控 · wall_segment Palisade Wall x7 |
| 11:35 | BucketsTTP · wall_segment Palisade Wall x4 |
| 11:42 | 冥想控 · wall_segment Palisade Wall x1 |
| 12:03 | 冥想控 · wall_segment Palisade Wall x1 |
| 12:04 | 冥想控 · wall_segment Palisade Wall x1 |
| 12:08 | 冥想控 · wall_segment Palisade Wall x1 |
| 13:28 | 冥想控 · wall_segment Palisade Wall x11 |
| 13:57 | BucketsTTP · wall_segment Palisade Wall x6 |
| 14:10 | 冥想控 · wall_segment Palisade Wall x16 |
| 14:53 | BucketsTTP · wall_segment Palisade Wall x6 |
| 15:04 | BucketsTTP · wall_segment Palisade Wall x1 |
| 15:38 | BucketsTTP · wall_segment Palisade Wall x3 |
| 18:42 | BucketsTTP · first_market_buy 100 food |
| 18:55 | BucketsTTP · first_market_sell 100 wood |
| 19:17 | 冥想控 · first_building Stable |
| 19:24 | 冥想控 · wall_segment Palisade Wall x1 |
| 19:26 | 冥想控 · wall_segment Palisade Wall x1 |
| 20:10 | 冥想控 · age_up castle |
| 20:20 | BucketsTTP · first_building Stable |
| 21:49 | BucketsTTP · age_up castle |
| 22:24 | 冥想控 · first_building Monastery |
| 28:33 | BucketsTTP · first_building Monastery |
| 31:25 | 冥想控 · resign |
[ ANÁLISIS IA · 1 CRÉDITO ]
¿Qué pasó realmente en esta partida?
Wolo.gg analiza cada decisión: build order, eco, micro, errores típicos por bracket. Análisis personalizado por WhatsApp o Discord en 30 segundos.
Guía civ
Bizantinos
Perfil
Jugador #280902